 Dungeon Crawl Stone Soup version 0.29.1-13-g9f3cf754e1 (webtiles) character file.

Game seed: 9936905299124957192

219 Exodus22XD the Poker (level 5, -1/39 HPs)
             Began as a Demonspawn Gladiator on Feb 3, 2023.
             Killed by divine providence
             ... invoked by an orc priest
              (14 damage)
             ... on level 4 of the Dungeon.
             The game lasted 00:02:53 (3512 turns).

Exodus22XD the Poker (Demonspawn Gladiator)         Turns: 3512, Time: 00:02:54

Health: -1/39      AC: 13    Str: 17    XL:     5   Next: 64%
Magic:  5/5        EV:  8    Int:  9    God:
Gold:   130        SH:  0    Dex: 14    Spells: 4/4 levels left

rFire   . . .      SeeInvis .   a - +0 trident
rCold   + . .      Faith    .   (no shield)
rNeg    . . .      Spirit   .   r - +0 chain mail
rPois   .          Reflect  .   c - +0 helmet
rElec   .          Harm     .   p - +0 cloak
rCorr   .          Rampage  .   (no gloves)
Will    .....                   (no boots)
Stlth   ..........              (no amulet)
HPRegen 0.13/turn               h - ring of protection from cold
MPRegen 0.09/turn               (no ring)

@: no status effects
A: yellow scales 1, foul stench 1, spiny 1
a: no special abilities


You were on level 4 of the Dungeon.
You visited 1 branch of the dungeon, and saw 4 of its levels.

You collected 130 gold pieces.

Inventory:

Hand Weapons
 a - a +0 trident (weapon)
Missiles
 d - 4 throwing nets (quivered)
 e - a javelin
Armour
 c - a +0 helmet (worn)
 p - a +0 cloak (worn)
 r - a +0 chain mail (worn)
Jewellery
 f - an amulet of magic regeneration
 h - a ring of protection from cold (left hand)
Scrolls
 b - a scroll of identify {unknown}
 g - a scroll of torment {unknown}
 n - 3 scrolls of teleportation {unknown}
 q - a scroll of brand weapon {unknown}
 s - a scroll of amnesia {unknown}
 u - a scroll of blinking {unknown}
Potions
 i - 3 potions of curing {unknown}
 j - 2 potions of heal wounds {unknown}
 k - a potion of invisibility {unknown}
 l - a potion of might {unknown}
 m - 2 potions of ambrosia {unknown}
 o - a potion of flight {unknown}
 t - a potion of attraction {unknown}


   Skills:
 + Level 2.6 Fighting
 + Level 4.2 Polearms
 - Level 1.7 Throwing
 * Level 2.6 Armour
 + Level 3.2 Dodging
 + Level 1.0 Stealth


You had 4 spell levels left.
You didn't know any spells.
Your spell library contained the following spells:

 Spells                   Type           Power      Damage    Failure   Level
 Ensorcelled Hibernation  Hex/Ice        0%         N/A       100%        2
 Passwall                 Tmut/Erth      0%         N/A       100%        2
 Gell's Gravitas          Tloc           0%         N/A       100%        3
 Swiftness                Air            0%         N/A       100%        3
 Teleport Other           Tloc           0%         N/A       100%        3
 Dispersal                Tloc           0%         N/A       100%        6


Dungeon Overview and Level Annotations

Branches:
Dungeon (4/15)
 Temple: D:4-7

Altars:

Annotations:
D:3 2 transporters, laros's ghost, amateur MiBe


Innate Abilities, Weirdness & Mutations

You are partially covered in yellow scales. (AC +2)
You may rarely emit foul miasma when damaged in melee.
You are partially covered in sharp spines.


Message History

The orc priest shouts!
You hear a bark!
A hound comes into view.
The orc priest casts a cantrip, but nothing happens.
There are monsters nearby!
You reach to attack!
You hit the orc.
The orc is moderately wounded.
A kobold comes into view.
It is wielding a +0 short sword and quivering poisoned darts.
The orc hits you but does no damage.
There are monsters nearby!
You barely miss the orc.
The orc is moderately wounded.
The orc priest is struck by your spines.
The orc priest hits you but does no damage.
The orc is struck by your spines. The orc hits you but does no damage.
The orc priest begins to cast a cantrip, but forgets the words!
The orc priest attacks as you move away!
The orc priest hits you but does no damage.
The orc priest looks braver for a moment.
The orc priest calls upon Beogh to heal the orc.
The orc's wounds heal themselves!
The orc wizard casts a spell.
The orc wizard flickers and vanishes!
Deactivating autopickup; reactivate with Ctrl-A.
The orc attacks as you move away! The orc hits you but does no damage.
The orc priest mumbles some strange prayers to Beogh against you.
Beogh smites you!
There is an open door here.
You are too injured to fight recklessly!
You are too injured to fight recklessly!
You are too injured to fight recklessly!
You hit the orc.
The orc is severely wounded.
The orc priest hits you but does no damage.
The orc hits you with a +0 short sword.
You emit a cloud of foul miasma!
There is an open door, spattered with blood here.
You hit the orc priest.
The orc priest is heavily wounded.
The orc priest calls down the wrath of Beogh upon you.
Beogh smites you!
You die...

..##..... #............
..##..... #.. ##............
.....# ##..###.............
#....## #..........K....<...
#.....###..##.##'##h........
##.#......# #.#...#.w.o<.#.#
###.....(###.#.⌠.#{o......#
####.....#....#.o.#.o.##....
#.............##@##.### .
........##.#.....o.{#
#.#####..###.....o...# #..#
##..# #..........#
...###..## ##..........#
#..##...## ###..####.##
#........## #### .#
##........# ## ###..#..##


You could see an orc priest and 2 orcs.

Vanquished Creatures
  A black bear (D:4)
  Robin (D:4)
  2 adders
  2 worms (D:2)
  4 orcs
  9 ball pythons
  8 endoplasms
  3 giant cockroaches (D:2)
  14 goblins
  6 hobgoblins
  12 jackals
  3 quokkas
  5 bats
  3 frilled lizards
  4 kobolds (D:1)
  3 rats
80 creatures vanquished.

Vanquished Creatures (others)
  A fungus (D:3)
1 creature vanquished.

Grand Total: 81 creatures vanquished

Notes
Turn   | Place    | Note
-------+----------+-------------------------------------------
     0 | D:1      | Exodus22XD the Demonspawn Gladiator began the quest for the
                  | Orb.
     0 | D:1      | Reached XP level 1. HP: 16/16 MP: 1/1
    62 | D:1      | Found a faded altar of an unknown god.
   321 | D:1      | Gained mutation: You may rarely emit foul miasma when
                  | damaged in melee. [demonic ancestry]
   321 | D:1      | Reached XP level 2. HP: 20/22 MP: 2/2
   464 | D:1      | Reached skill level 3 in Polearms
  1067 | D:1      | Reached skill level 1 in Armour
  1218 | D:2      | Gained mutation: You are partially covered in sharp spines.
                  | [demonic ancestry]
  1218 | D:2      | Reached XP level 3. HP: 12/27 MP: 3/3
  2028 | D:3      | Reached XP level 4. HP: 23/33 MP: 4/4
  2569 | D:3      | Found a transporter.
  2569 | D:3      | Noticed laros's ghost (amateur MiBe)
  2765 | D:3      | Found a transporter.
  3115 | D:4      | Noticed a black bear
  3121 | D:4      | Killed a black bear
  3122 | D:4      | Reached skill level 4 in Polearms
  3122 | D:4      | Reached skill level 1 in Stealth
  3122 | D:4      | Gained mutation: You are partially covered in yellow
                  | scales. (AC +2) [demonic ancestry]
  3122 | D:4      | Reached XP level 5. HP: 22/39 MP: 5/5
  3276 | D:4      | Noticed Robin
  3311 | D:4      | Killed Robin
  3512 | D:4      | Killed from afar by an orc priest

Illustrated notes

Levels and vault maps discovered:
D:1:      mrwooster_arrival_statue_2, layout_loops_corners,
          nicolae_ecumenical_snake_handling
D:2:      layout_basic, minmay_tripent
D:3:      layout_basic, gammafunk_ghost_arena, grunt_ministairs_14,
          dreamdust_mushroom_princess, minmay_misc_feat_square,
          minmay_liquid_box
D:4:      layout_cave_pools, minmay_temple_entry_grid, grunt_ministairs_11,
          minmay_misc_feat_room, uniq_robin

Skill      XL: |  1  2  3  4 |
---------------+-------------+-----
Polearms       | 3 4 |  4.2
Dodging        | 3 |  3.2
Armour         | 1 2 |  2.6
Stealth        | 1 |  1.0
Fighting       | |  2.6
Throwing       | |  1.7

Action                   |  1- 3 |  4- 6 || total
-------------------------+-------+-------++-------
Melee: Trident           |   120 |    63 ||   183
       Punch             |     1 |     1 ||     2
 Stab: Sleeping          |     3 |     1 ||     4
Armor: Leather armour    |    33 |     7 ||    40
       Chain mail        |       |    28 ||    28
Dodge: Dodged            |    84 |    23 ||   107
